 Dungeon Crawl Stone Soup version 0.31-a0-188-g5e087ee2ca (webtiles) character file.

Game seed: 18015202503861303883

42 qw the Shooter (level 3, -2/20 HPs)
             Began as a Deep Elf Hunter on June 22, 2023.
             Slain by a kobold brigand
             ... wielding a +0 club
              (3 damage)
             ... in a sewer.
             The game lasted 00:00:28 (1455 turns).

qw the Shooter (Deep Elf Hunter)                    Turns: 1455, Time: 00:00:28

Health: -2/20      AC:  8    Str: 10    XL:     3   Next: 33%
Magic:  5/5        EV: 11    Int: 13    God:
Gold:   118        SH:  0    Dex: 18    Spells: 2/2 levels left

rFire   . . .        Y - +0 shortbow
rCold   . . .        (shield currently unavailable)
rNeg    . . .        i - +0 ring mail
rPois   .            g - +0 helmet
rElec   .            m - +0 cloak
rCorr   .            j - +0 pair of gloves
SInv    .            (no boots)
Will    .....        (no amulet)
Stlth   +            (no ring)
HPRegen 0.23/turn    (no ring)
MPRegen 0.09/turn

%: no passive effects
@: no status effects
A: no striking features
a: no special abilities


You were in a sewer.
You visited 1 branch of the dungeon, and saw 3 of its levels.
You also visited: Sewer.

You collected 118 gold pieces.


   Skills:
 - Level 1.5 Fighting
 + Level 6.9 Ranged Weapons
 - Level 2.4 Dodging
 - Level 1.2 Stealth


You had 2 spell levels left.
You didn't know any spells.
Your spell library was empty.

Inventory:

Hand Weapons
 k - the +3 sling "Ruroeq" {freeze, rC- Will+ Int+2}
   (You found it on level 2 of the Dungeon)

   Int:       It affects your intelligence (+2).
   rC:        It makes you vulnerable to cold.
   Will:      It increases your willpower.
 Y - a +0 shortbow (weapon)
Armour
 g - a +0 helmet (worn)
 i - a +0 ring mail (worn)
 j - a +0 pair of gloves (worn)
 m - a +0 cloak (worn)
Scrolls
 f - a scroll of identify
Potions
 a - a potion of mutation {unknown}
 b - a potion of heal wounds {unknown}
 e - a potion of curing {unknown}
 h - a potion of enlightenment

Dungeon Overview and Level Annotations

Branches:
Dungeon (3/15)              Sewer (1/1)

Altars:
Ashenzari
Elyvilon
Zin


Message History

You shoot an arrow.
The arrow barely misses the kobold brigand.
You feel sick.
The kobold brigand throws a poisoned dart.
The poisoned dart hits you!
You are more poisoned.
You shoot an arrow.
The arrow barely misses the kobold brigand.
You feel very sick.
You shoot an arrow.
The arrow barely misses the kobold brigand.
You feel very sick.
You shoot an arrow.
The arrow hits the kobold brigand but does no damage.
You feel sick.
You shoot an arrow. The arrow misses the kobold brigand.
You feel sick.
You shoot an arrow. The arrow hits the kobold brigand!
The kobold brigand is moderately wounded.
You feel sick.
You shoot an arrow.
The arrow hits the kobold brigand but does no damage.
The kobold brigand is moderately wounded.
You feel sick.
You shoot an arrow.
The arrow hits the kobold brigand but does no damage.
The kobold brigand is moderately wounded.
You feel sick.
You are no longer poisoned.
The kobold brigand splashes around in the water.
You shoot an arrow. The arrow hits the kobold brigand.
The kobold brigand is moderately wounded.
The kobold brigand hits you but does no damage.
You shoot an arrow. The arrow hits the kobold brigand.
The kobold brigand is heavily wounded.
The kobold brigand hits you with a +0 club. x2
You shoot an arrow. The arrow hits the kobold brigand!
The kobold brigand is severely wounded.
The kobold brigand hits you with a +0 club.
You die...

#. S# #~ ~# #~
~# ~ ~#~ .~ ~~~
#~ #~# #~ #~#
#~###K# #~~~~@#
##~~~## #...#
#.~.# #.~.## #.
#.~..## #.~~
#.~~~~#####.~~~
##~.~.~~.~~.~~~
###.~~~.~~~.#


You could see a kobold brigand.

Vanquished Creatures
  2 adders
  3 endoplasms
  3 giant cockroaches (D:3)
  2 hobgoblins (D:2)
  A quokka (D:2)
  5 ball pythons
  2 bats
  A frilled lizard (D:1)
  3 goblins
22 creatures vanquished.

Notes
Turn   | Place    | Note
-------+----------+-------------------------------------------
     0 | D:1      | qw the Deep Elf Hunter began the quest for the Orb.
     0 | D:1      | Reached XP level 1. HP: 12/12 MP: 3/3
     0 | D:1      | 0 ||| qw: Version: 0.3-a-9-g12657ce
     0 | D:1      | 0 ||| qw: Game counter: 2984
     0 | D:1      | 0 ||| qw: Always use a shield: true
     0 | D:1      | 0 ||| qw: God list: Okawaru
     0 | D:1      | 0 ||| qw: Allow faded altars: false
     0 | D:1      | 0 ||| qw: Do Orc after D:15 true
     0 | D:1      | 0 ||| qw: Do second Lair branch before Depths: true
     0 | D:1      | 0 ||| qw: Lair rune preference: random
     0 | D:1      | 0 ||| qw: Plans: Normal
     0 | D:1      | 0 ||| PLANNING D:1-11
   591 | D:1      | 591 ||| UPGRADING to +0 helmet.
   596 | D:1      | 596 ||| UPGRADING to +0 scale mail.
   606 | D:1      | 606 ||| DROPPING +0 leather armour.
   607 | D:1      | 607 ||| UPGRADING to +0 ring mail.
   617 | D:1      | 617 ||| DROPPING +0 scale mail.
   618 | D:1      | 618 ||| UPGRADING to +0 pair of gloves.
   623 | D:1      | 623 ||| READING scroll labelled UCOYRU PICOJ.
   624 | D:1      | 624 ||| READING scroll labelled MOUFRE MUXO.
   625 | D:1      | 625 ||| READING 2 scrolls labelled NITI KEOTI.
   626 | D:1      | 626 ||| DROPPING scroll of butterflies.
   695 | D:2      | Reached XP level 2. HP: 16/16 MP: 4/4
   714 | D:2      | Reached skill level 6 in Ranged Weapons
   886 | D:2      | Identified the +3 sling "Ruroeq" {freeze, rC- Will+ Int+2}
   977 | D:2      | 977 ||| UPGRADING to +0 cloak.
   982 | D:2      | 982 ||| READING scroll labelled LAENONALANK.
   983 | D:2      | 983 ||| READING scroll labelled MYIJOP DAAMEF.
   984 | D:2      | 984 ||| READING scroll labelled TIFOFO UCIKUYFA.
  1085 | D:2      | 1085 ||| DRINKING 2 ruby potions.
  1090 | D:3      | 1090 ||| PLANNING SEWER
  1120 | D:3      | Found a glowing silver altar of Zin.
  1123 | D:3      | Found a white marble altar of Elyvilon.
  1125 | D:3      | Found a broken altar of Ashenzari.
  1288 | D:3      | Reached XP level 3. HP: 20/20 MP: 5/5
  1315 | D:3      | Found a glowing drain.
  1339 | D:3      | HP: 5/20 [poisoned by an adder]
  1344 | D:3      | HP: 5/20 [giant cockroach (1)]
  1422 | Sewer    | Entered a sewer
  1441 | Sewer    | Noticed a kobold brigand
  1442 | Sewer    | 1442 ||| Stepping ~*~*~tactically~*~*~ (water).
  1451 | Sewer    | HP: 5/20 [poisoned by a kobold brigand]
  1454 | Sewer    | HP: 2/20 [kobold brigand/+0 club (3)]
  1455 | Sewer    | Slain by a kobold brigand

Levels and vault maps discovered:
D:1:      dpeg_arrival_long_road, layout_loops_ring, minivault_14,
          patterned_corridor
D:2:      layout_rooms
D:3:      layout_loops_ring, grunt_temple_overflow_open, gup_sewer_entry_glass
Sewer:    sewer_co_tree

Skill      XL: |  1  2 |
---------------+-------+-----
Ranged Weapons | 6 |  6.9
Fighting       | |  1.5
Dodging        | |  2.4
Stealth        | |  1.2

Action                     || total
---------------------------++-------
   Fire: Shortbow          ||    88
    Use: Scroll            ||     6
         Potion            ||     1
 Armour: Ring mail         ||    28
  Dodge: Dodged            ||    30

Table legend:
 A = Non-vault XP
 B = Vault XP
 C = Vault XP percentage of total XP
 D = Non-vault monster count
 E = Vault monster count
 F = Vault count percentage of total count
                 A         B        C        D         E       F
            +---------+---------+-------+---------+---------+-------
      Total |      43 |      17 |  28.3 |      19 |       3 |  13.6
            +---------+---------+-------+---------+---------+-------
        D:1 |      10 |       0 |   0.0 |       7 |       0 |   0.0
        D:2 |      26 |       0 |   0.0 |       8 |       0 |   0.0
        D:3 |       7 |      17 |  70.8 |       4 |       3 |  42.9
            +---------+---------+-------+---------+---------+-------
